 Dungeon Crawl Stone Soup version 0.31-a0-532-g28f74ba3e5 (webtiles) character file.

Game seed: 14091369945022693097

303 cforsyth the Charlatan (level 6, -1/47 HPs)
             Began as a Gnoll Artificer on Aug 13, 2023.
             Slain by a scorpion (2 damage)
             ... on level 5 of the Dungeon.
             The game lasted 00:05:40 (5244 turns).

cforsyth the Charlatan (Gnoll Artificer)            Turns: 5244, Time: 00:05:40

Health: -1/47      AC:  4    Str: 11 (12) XL:     6   Next: 38%
Magic:  9/9        EV: 12    Int: 11 (12) God:
Gold:   186        SH:  0    Dex:  9 (12) Spells: 9/9 levels left

rFire   + . .        a - +0 club
rCold   . . .        (no shield)
rNeg    . . .        p - +0 leather armour {rF+}
rPois   .            i - +0 helmet
rElec   .            (no cloak)
rCorr   .            (no gloves)
SInv    .            (no boots)
Will    .....        (no amulet)
Stlth   ++           (no ring)
HPRegen 0.27/turn    (no ring)
MPRegen 0.11/turn

%: no passive effects
@: lethally poisoned (-1 -> -6)
A: fangs 1, strong nose, distributed training
a: no special abilities


You were on level 5 of the Dungeon.
You visited 1 branch of the dungeon, and saw 5 of its levels.

You collected 186 gold pieces.

Inventory:

Hand Weapons
 a - a +0 club (weapon)
Armour
 b - a +0 leather armour
 i - a +0 helmet (worn)
 p - a +0 leather armour of fire resistance (worn)
Jewellery
 k - a ring of positive energy
Wands
 c - a wand of flame (1) (quivered)
 d - a wand of charming (15)
 e - a wand of iceblast (5)
Scrolls
 f - a scroll of noise {unknown}
 g - 6 scrolls of identify {unknown}
 h - 2 scrolls of enchant armour {unknown}
 j - a scroll of blinking {unknown}
 l - a scroll of vulnerability {unknown}
 m - a scroll of teleportation {unknown}
 n - a scroll of fear {unknown}
 r - a scroll of fog {unknown}
Potions
 o - a potion of brilliance {unknown}


   Skills:
 + Level 3.2 Fighting
 + Level 2.0 Short Blades
 + Level 2.0 Long Blades
 + Level 2.0 Axes
 + Level 2.0 Maces & Flails
 + Level 2.0 Polearms
 + Level 2.0 Staves
 + Level 2.0 Ranged Weapons
 + Level 2.0 Throwing
 + Level 5.0 Armour
 + Level 3.2 Dodging
 + Level 3.1 Stealth
 + Level 2.0 Shields
 + Level 2.0 Unarmed Combat
 + Level 2.0 Spellcasting
 + Level 1.5 Conjurations
 + Level 1.5 Hexes
 + Level 1.5 Summonings
 + Level 1.5 Necromancy
 + Level 1.5 Translocations
 + Level 1.5 Transmutations
 + Level 1.5 Fire Magic
 + Level 1.5 Ice Magic
 + Level 1.5 Air Magic
 + Level 1.5 Earth Magic
 + Level 1.5 Poison Magic
 + Level 2.2 Invocations
 + Level 6.8 Evocations
 + Level 1.5 Shapeshifting


You had 9 spell levels left.
You didn't know any spells.
Your spell library contained the following spells:

 Spells                   Type           Power      Damage    Failure   Level
 Vhi's Electric Charge    Tloc/Air       8%         N/A       50%         3
 Arcjolt                  Conj/Air       2%         1d12      99%         5
 Maxwell's Capacitive Co  Air            2%         ∞         100%        8


Dungeon Overview and Level Annotations

Branches:
Dungeon (5/15)
 Temple: D:4-7

Altars:
Fedhas
Nemelex Xobeh
Sif Muna
The Shining One

Shops:
D:3 =?


Innate Abilities, Weirdness & Mutations

You have very sharp teeth.
Your uncanny sense of smell can sniff out nearby items.
Your experience applies equally to all skills.


Message History

You feel sick. The scorpion misses you.
You are too injured to fight recklessly!
You are too injured to fight recklessly!
You are too injured to fight recklessly!
You are too injured to fight recklessly!
You are too injured to fight recklessly!
You are too injured to fight recklessly!
You are too injured to fight recklessly!
You closely miss the scorpion.
You bite the scorpion, but do no damage.
The scorpion is moderately wounded.
You feel sick. The scorpion barely misses you. The scorpion stings you.
You barely miss the scorpion.
The scorpion is moderately wounded.
You feel sick. The scorpion stings you.
* * * LOW HITPOINT WARNING * * *
You are more poisoned.
The scorpion poisons you!
Aiming: Throw Flame
Press: ? - help, Shift-Dir - straight line, f - scorpion
Aim: a scorpion (moderately wounded, 74% to hit)
The puff of flame hits the scorpion.
The scorpion is severely wounded.
* * * LOW HITPOINT WARNING * * *
You feel very sick. The scorpion misses you. The scorpion stings you.
* * * LOW HITPOINT WARNING * * *
Aiming: Throw Flame
Press: ? - help, Shift-Dir - straight line, f/p - scorpion
Aim: a scorpion (heavily wounded, 74% to hit)
The puff of flame misses the scorpion.
* * * LOW HITPOINT WARNING * * *
You feel sick. The scorpion stings you.
* * * LOW HITPOINT WARNING * * *
It was a potion of degeneration.
There was something very wrong with that liquid.
You feel weakened.
You feel dopey.
You feel clumsy.
* * * LOW HITPOINT WARNING * * *
You feel sick. The scorpion stings you.
You die...

#######
#...s@#
#.....#
#.....#
#.....#
##...##
#+##


You could see a scorpion.

Vanquished Creatures
  A scorpion (D:4)
  A hound (D:4)
  3 orc wizards
  6 adders
  A worm (D:2)
  A dart slug (D:2)
  10 orcs
  7 bats
  7 endoplasms
  3 giant cockroaches
  5 goblins
  A hobgoblin (D:4)
  2 jackals (D:4)
  9 kobolds
  A quokka (D:2)
  7 ball pythons
  A frilled lizard (D:2)
  7 rats
73 creatures vanquished.

Notes
Turn   | Place    | Note
-------+----------+-------------------------------------------
     0 | D:1      | cforsyth the Gnoll Artificer began the quest for the Orb.
     0 | D:1      | Reached XP level 1. HP: 17/17 MP: 1/1
   285 | D:1      | Reached XP level 2. HP: 20/23 MP: 2/2
  1029 | D:2      | Reached XP level 3. HP: 24/28 MP: 3/3
  1175 | D:2      | Found a faded altar of an unknown god.
  1444 | D:2      | Reached skill level 1 in Invocations
  1799 | D:2      | Reached skill level 1 in Short Blades
  1799 | D:2      | Reached skill level 1 in Long Blades
  1799 | D:2      | Reached skill level 1 in Axes
  1799 | D:2      | Reached skill level 1 in Maces & Flails
  1799 | D:2      | Reached skill level 1 in Polearms
  1799 | D:2      | Reached skill level 1 in Staves
  1799 | D:2      | Reached skill level 1 in Ranged Weapons
  1799 | D:2      | Reached skill level 1 in Throwing
  1799 | D:2      | Reached skill level 1 in Shields
  1799 | D:2      | Reached skill level 1 in Unarmed Combat
  1799 | D:2      | Reached skill level 1 in Spellcasting
  2060 | D:3      | Reached XP level 4. HP: 28/34 MP: 5/5
  2088 | D:3      | Found Lifiwobb's Jewellery Emporium.
  2110 | D:3      | Found Livach's Magic Scroll Shoppe.
  2769 | D:2      | Reached skill level 1 in Conjurations
  2769 | D:2      | Reached skill level 1 in Hexes
  2769 | D:2      | Reached skill level 1 in Summonings
  2769 | D:2      | Reached skill level 1 in Necromancy
  2769 | D:2      | Reached skill level 1 in Translocations
  2769 | D:2      | Reached skill level 1 in Transmutations
  2769 | D:2      | Reached skill level 1 in Fire Magic
  2769 | D:2      | Reached skill level 1 in Ice Magic
  2769 | D:2      | Reached skill level 1 in Air Magic
  2769 | D:2      | Reached skill level 1 in Earth Magic
  2769 | D:2      | Reached skill level 1 in Poison Magic
  2769 | D:2      | Reached skill level 1 in Shapeshifting
  3137 | D:3      | HP: 1/34 [something (1)]
  3139 | D:3      | Reached XP level 5. HP: 2/40 MP: 5/7
  3514 | D:3      | Found a sparkling altar of Nemelex Xobeh.
  3678 | D:3      | Found a shimmering blue altar of Sif Muna.
  3744 | D:3      | Found a blossoming altar of Fedhas.
  4408 | D:4      | Reached XP level 6. HP: 8/47 MP: 8/8
  4689 | D:4      | Found a glowing golden altar of the Shining One.
  4746 | D:4      | Reached skill level 5 in Armour
  5025 | D:5      | Entered Level 5 of the Dungeon
  5244 | D:5      | HP: 1/47 [poisoned by a scorpion]
  5244 | D:5      | Slain by a scorpion

Illustrated notes

Levels and vault maps discovered:
D:1:      tarquinn_simple_flora_water_a, layout_basic
D:2:      layout_basic, basic_ecumenical_altar, serial_corexii_hall,
          corexii_hall_statues_deadend, chequers_hall_statues_wall_a
D:3:      layout_basic, fedhas_altar_4, nemelex_spade_bored_becter,
          nicolae_sif_muna_little_library, serial_shops, shop,
          nicolae_shop_trees, st_stairs_5
D:4:      layout_loops_ring, mainiacjoe_overflow_tiny_flanked,
          grunt_ministairs_7
D:5:      layout_gridville, nicolae_ru_sacrificial_ziggurat,
          mainiacjoe_overflow_divided_tiny, ebering_ghost_gozag, serial_shops,
          shop, shop, nicolae_eternal_life

Skill      XL: |  1  2  3  4  5  6 |
---------------+-------------------+-----
Invocations    | 1 2 |  2.2
Short Blades   | 1 2 |  2.0
Long Blades    | 1 2 |  2.0
Axes           | 1 2 |  2.0
Maces & Flails | 1 2 |  2.0
Polearms       | 1 2 |  2.0
Staves         | 1 2 |  2.0
Ranged Weapons | 1 2 |  2.0
Throwing       | 1 2 |  2.0
Shields        | 1 2 |  2.0
Unarmed Combat | 1 2 |  2.0
Spellcasting   | 1 2 |  2.0
Conjurations   | 1 |  1.5
Hexes          | 1 |  1.5
Summonings     | 1 |  1.5
Necromancy     | 1 |  1.5
Translocations | 1 |  1.5
Transmutations | 1 |  1.5
Fire Magic     | 1 |  1.5
Ice Magic      | 1 |  1.5
Air Magic      | 1 |  1.5
Earth Magic    | 1 |  1.5
Poison Magic   | 1 |  1.5
Shapeshifting  | 1 |  1.5
Fighting       | 3 |  3.2
Dodging        | 3 |  3.2
Stealth        | 3 |  3.1
Armour         | 5 |  5.0
Evocations     | |  6.8

Action                     |  1- 3 |  4- 6 || total
---------------------------+-------+-------++-------
  Melee: Club              |   117 |   257 ||   374
         Bite              |     2 |    28 ||    30
         Punch             |       |     5 ||     5
  Evoke: Wand              |       |    14 ||    14
    Use: Potion            |       |     4 ||     4
   Stab: Sleeping          |     5 |     5 ||    10
 Armour: Leather armour    |    41 |    96 ||   137
  Dodge: Dodged            |    68 |   165 ||   233

Table legend: (Time is in decaauts)
 A = Elapsed time spent in this place.
 B = Non-inter-level travel time spent in this place.
 C = Inter-level travel time spent in this place.
 D = Time resting spent in this place.
 E = Time spent auto-exploring this place.
 F = Levels seen in this place.
 G = Mean time per level.
                   A        B        C        D        E       F      G
               +--------+--------+--------+--------+--------+-----+--------+
         Total |   5337 |   5206 |    131 |    852 |   3366 |   5 | 1067.4 |
       Dungeon |   5337 |   5206 |    131 |    852 |   3366 |   5 | 1067.4 |
               +--------+--------+--------+--------+--------+-----+--------+

Top non-repeatable levels by time:
     D:2: 1934 daAuts
     D:4: 1229 daAuts
     D:3: 1072 daAuts
     D:1: 944 daAuts
     D:5: 156 daAuts
